 Dungeon Crawl Stone Soup version 0.22.1 (webtiles) character file.

10928 Markonkel the Archer (level 11, -3/94 HPs)
             Began as a Centaur Hunter on Sept 18, 2018.
             Was a High Priest of Okawaru.
             Killed from afar by Nergalle (29 damage)
             ... with a bolt of negative energy
             ... on level 10 of the Dungeon.
             The game lasted 01:03:46 (17934 turns).

Markonkel the Archer (Centaur Hunter)              Turns: 17934, Time: 01:03:47

Health: -3/94      AC:  9    Str: 19    XL:     11   Next: 42%
Magic:  12/16      EV:  8    Int: 13    God:    Okawaru [*****.]
Gold:   608        SH:  0    Dex:  9    Spells: 14/17 levels left

rFire    + . .     SeeInvis .   b - +1 dagger (speed)
rCold    . . .     Gourm    .   (no shield)
rNeg     . . .     Faith    +   r - +2 ring mail {rF+} {rF+}
rPois    +         Spirit   .   n - +0 helmet
rElec    .         Reflect  .   (no cloak)
rCorr    .         Harm     .   I - +0 pair of gloves
MR       .....                  (no barding)
Stlth    ..........             T - amulet of faith {Faith, !P}
HPRegen  0.25/turn              C - ring of Oppeit {rPois Int+3 Slay+3}
MPRegen  0.15/turn              (no ring)

@: very slightly contaminated, heavily drained, very quick
A: large, hooves 3, deformed body, speed 2, tough skin 3
a: Heroism, Finesse, Renounce Religion


You were on level 10 of the Dungeon.
You worshipped Okawaru.
Okawaru was extremely pleased with you.
You were hungry.

You visited 2 branches of the dungeon, and saw 11 of its levels.
You also visited: Ossuary.

You collected 630 gold pieces.
You spent 22 gold pieces at shops.

Inventory:

Hand Weapons
 a - a +1 shortbow
 b - a +1 dagger of speed (weapon)
 N - a +1 scimitar of flaming
Missiles
 p - 303 stones (quivered)
 w - 7 needles of sleeping
 Q - 140 arrows
 X - a throwing net {=f}
Armour
 d - a +1 hat
 h - a +0 troll leather armour {regen}
 n - a +0 helmet (worn)
 r - a +2 ring mail of fire resistance (worn) {rF+}
 I - a +0 pair of gloves (worn)
 P - a cursed -2 ring mail
Jewellery
 c - an uncursed ring of positive energy {unknown}
 y - an uncursed amulet of harm
 C - the ring of Oppeit (left hand) {rPois Int+3 Slay+3}
   (You found it on level 4 of the Dungeon)

   [ring of slaying]

   It affects your intelligence (+3).
   It affects your accuracy and damage with ranged weapons and melee attacks
   (+3).
   It protects you from poison.
 M - an uncursed ring of magical power {MP+9}
 T - an amulet of faith (around neck) {Faith, !P}
Wands
 D - a wand of scattershot (2)
 L - a wand of polymorph (33)
 O - a wand of paralysis (13)
 U - a wand of acid (6)
 V - a wand of iceblast (6)
Scrolls
 i - 3 scrolls of identify
 j - 3 scrolls of amnesia
 l - 5 scrolls of immolation {!r}
 m - 6 scrolls of enchant weapon
 t - 12 scrolls of teleportation
 v - 6 scrolls of remove curse {unknown}
 A - a scroll of blinking {unknown}
 E - a scroll of fear {unknown}
 G - 3 scrolls of enchant armour
 J - 2 scrolls of magic mapping {unknown}
 K - a scroll of fog {unknown}
 S - a scroll of vulnerability {unknown}
Potions
 f - 4 potions of degeneration {unknown}
 g - a potion of ambrosia {unknown}
 k - 6 potions of heal wounds {unknown}
 o - 6 potions of flight {unknown}
 s - a potion of agility
 u - 2 potions of brilliance {unknown}
 B - a potion of lignification {unknown}
 F - 2 potions of invisibility {unknown}
 R - a potion of might {unknown}
Comestibles
 e - 13 rations


   Skills:
 + Level 8.2(6.0) Fighting
 + Level 7.0(4.9) Short Blades
 * Level 14.5(11.9) Bows
 - Level 1.3(0.0) Dodging
 - Level 0.4(0.0) Stealth
   Level 2.1(0.3) Shields
 + Level 3.7(1.8) Spellcasting
 + Level 4.5(2.5) Hexes
 + Level 4.4(2.5) Translocations


You had 14 spell levels left.
You knew the following spells:

 Your Spells              Type           Power        Failure   Level  Hunger
a - Portal Projectile     Hex/Tloc       #.....       43%         3    ####...

Your spell library contained the following spells:

 Spells                   Type           Power        Failure   Level  Hunger
 Corona                   Hex            #......      16%         1    ##.....
 Slow                     Hex            #.......     24%         2    ###....
 Ensorcelled Hibernation  Hex/Ice        #.....       38%         2    ###....
 Confuse                  Hex            #.......     43%         3    ####...
 Tukima's Dance           Hex            #.......     43%         3    ####...
 Dazzling Spray           Conj/Hex       #.....       63%         3    ####...
 Inner Flame              Hex/Fire       #.......     63%         3    ####...
 Cause Fear               Hex            #.........   85%         4    #####..
 Leda's Liquefaction      Hex/Erth       #.........   95%         4    #####..


Dungeon Overview and Level Annotations

Branches:
Dungeon (10/15)            Temple (1/1) D:4
   Lair: D:8-11         Orc: D:9-12

Altars:
Ashenzari
Cheibriados
Dithmenos
Elyvilon
Fedhas
Gozag
Hepliaklqana
Kikubaaqudgha
Makhleb
Nemelex Xobeh
Okawaru
Qazlal
Ru
Sif Muna
Trog
Uskayaw
Vehumet
Wu Jian
Xom
Yredelemnul
Zin
The Shining One

Shops:
D:4 *   D:5 *   D:6 :

Annotations:
D:10 Nergalle


Innate Abilities, Weirdness & Mutations

You have hooves in place of feet.
Armour fits poorly on your strangely shaped body.
You cover ground very quickly.
You have extremely tough skin. (AC +3)


Message History

You closely miss Nergalle. You barely miss Nergalle.
The spectral orc knight hits you with an enchanted glaive.
* * * LOW HITPOINT WARNING * * *
You take 6 damage, and have 34/94 hp.
You hit Nergalle but do no damage. Nergalle hits you with a scimitar.
* * * LOW HITPOINT WARNING * * *
You take 5 damage, and have 29/94 hp.
You barely miss Nergalle. You hit Nergalle but do no damage. You kick Nergalle.
The spectral orc knight barely misses you.
Nergalle hits you with a scimitar.
* * * LOW HITPOINT WARNING * * *
You take 3 damage, and have 26/94 hp.
You closely miss Nergalle. You kick Nergalle.
You hit Nergalle but do no damage. You kick Nergalle!
The spectral orc knight closely misses you.
Nergalle points at you and mumbles some strange words.
The bolt of negative energy hits you!
You feel drained.
You die...

.########....##............#
## #(########'######### #(#
#.# #.# #.# #.# #.# #o# #.#
#.# #.# #.########Z#
#.(((.Zo@ZZ# ############


You could see Nergalle, 2 spectral orcs, a spectral orc warrior and a spectral
orc knight.

Vault maps used:
D:1:      eino_arrival_water_cross, st_stairs_8
D:2:      serial_co_window_serial, co_window_paths_a, co_window_paths_a,
          co_window_of_opportunity_a, co_window_paths_a, co_window_corner_a,
          co_window_corner_a, co_window_paths_b, co_window_paths_a,
          co_window_paths_a, co_window_2corner, co_window_corner_b,
          co_window_of_opportunity_b, co_window_4corner_a, co_window_paths_e,
          glass_columns_a
D:4:      cheibrodos_helix_gallery, minmay_temple_entry_large_hall,
          guppyfry_shop_venom, uniq_menkaure
D:5:      first_ration, serial_shops, kennysheep_mini
D:6:      basic_altar, nicolae_ossuary_entry_ruins, serial_shops,
          nicolae_shop_behind_doors, uniq_edmund
D:7:      nrook_uturn
D:8:      trog_three_pillars_becter, uniq_maurice, uniq_joseph, uniq_erica,
          uniq_gastronok
D:9:      nicolae_overflow_crystal_walls, uniq_prince_ribbit1
D:10:     enter_bailey_2, uniq_nergalle
Temple:   roderic_octagonal_lattice_temple
Ossuary:  ossuary_due_pyramid

Notes
Turn   | Place    | Note
-------+----------+-------------------------------------------
     0 | D:1      | Markonkel the Centaur Hunter began the quest for the Orb.
     0 | D:1      | Reached XP level 1. HP: 17/17 MP: 1/1
     0 | D:1      | Identified a +0 short sword
     1 | D:1      | Identified a +1 shortbow
   188 | D:1      | Reached XP level 2. HP: 24/24 MP: 2/2
   640 | D:1      | Reached skill level 1 in Short Blades
   693 | D:1      | Reached skill level 6 in Bows
   748 | D:1      | Reached XP level 3. HP: 29/30 MP: 3/3
  1196 | D:1      | Identified a +1 ring mail of fire resistance (You found it
                  | on level 1 of the Dungeon)
  1206 | D:1      | Identified a +0 leather armour
  1500 | D:2      | Identified a +0 helmet (You found it on level 2 of the
                  | Dungeon)
  1838 | D:2      | Reached XP level 4. HP: 37/37 MP: 4/4
  2556 | D:2      | Identified a +2 short sword of electrocution (You took it
                  | off a kobold on level 2 of the Dungeon)
  2693 | D:3      | Noticed a bullfrog
  2701 | D:3      | Killed a bullfrog
  2701 | D:3      | Reached skill level 3 in Fighting
  2701 | D:3      | Reached skill level 2 in Short Blades
  2701 | D:3      | Reached skill level 7 in Bows
  2701 | D:3      | Reached XP level 5. HP: 45/45 MP: 5/5
  2929 | D:3      | Identified 3 scrolls of enchant weapon
  2930 | D:3      | Identified 3 scrolls of enchant armour
  2931 | D:3      | Identified 2 scrolls of amnesia
  2932 | D:3      | Identified 2 scrolls of noise
  2933 | D:3      | Identified 4 scrolls of identify
  2933 | D:3      | Identified an amulet of harm (You found it on level 3 of
                  | the Dungeon)
  3140 | D:3      | HP: 11/45 [poisoned by an orc priest]
  3599 | D:3      | Identified a +0 dagger of venom (You took it off an orc
                  | priest on level 3 of the Dungeon)
  3625 | D:4      | Noticed an ogre
  3658 | D:4      | Noticed an ogre
  3948 | D:4      | Found a staircase to the Ecumenical Temple.
  4183 | D:4      | Killed an ogre
  4183 | D:4      | Reached skill level 8 in Bows
  4183 | D:4      | Reached XP level 6. HP: 14/52 MP: 6/6
  4421 | D:4      | Noticed Menkaure
  4432 | D:4      | Killed Menkaure
  4432 | D:4      | Reached skill level 4 in Fighting
  4470 | D:4      | HP: 13/52 [ogre/giant spiked club (39)]
  4480 | Temple   | Entered the Ecumenical Temple
  4738 | Temple   | Became a worshipper of Warmaster Okawaru
  5027 | D:4      | Reached skill level 3 in Short Blades
  5027 | D:4      | Reached XP level 7. HP: 35/59 MP: 7/7
  5212 | D:4      | Reached skill level 9 in Bows
  5612 | D:4      | Found Udopou's Serpentskin Sales.
  6172 | D:4      | Got a coiled wooden ring
  6407 | D:5      | Entered Level 5 of the Dungeon
  6553 | D:5      | Reached * piety under Okawaru
  6553 | D:5      | Reached skill level 10 in Bows
  6558 | D:5      | HP: 15/60 [something (2)]
  6562 | D:5      | Reached XP level 8. HP: 17/67 MP: 8/8
  6937 | D:5      | Reached skill level 5 in Fighting
  6937 | D:5      | Reached skill level 4 in Short Blades
  7183 | D:5      | Identified a ring of attention (You found it on level 4 of
                  | the Dungeon)
  7184 | D:5      | Identified a +0 buckler (You found it on level 5 of the
                  | Dungeon)
  7185 | D:5      | Identified the ring of Oppeit {rPois Int+3 Slay+3} (You
                  | found it on level 4 of the Dungeon)
  7303 | D:5      | Found Nunt's Assorted Antiques.
  7306 | D:5      | Bought a blue potion for 22 gold pieces
  7846 | D:5      | Identified a +1 dagger of speed (You took it off an orc
                  | wizard on level 5 of the Dungeon)
  7888 | D:6      | Noticed Edmund
  7930 | D:6      | Reached skill level 1 in Shields
  8186 | D:6      | Found a sand-covered staircase.
  8196 | Ossuary  | Entered an ossuary
  8627 | D:6      | Identified 5 potions of curing
  8701 | D:6      | Reached skill level 11 in Bows
  8929 | D:6      | Found a shimmering altar of Xom.
  9315 | D:6      | Found Buzxin's Book Shop.
  9529 | D:6      | Killed Edmund
  9587 | D:6      | Reached XP level 9. HP: 75/75 MP: 9/9
  9698 | D:6      | Reached skill level 6 in Fighting
  9698 | D:6      | Reached skill level 5 in Short Blades
  9707 | D:6      | Reached ** piety under Okawaru
  9707 | D:6      | Reached skill level 2 in Shields
  9984 | D:7      | Identified a +0 pair of gloves (You found it on level 7 of
                  | the Dungeon)
 10073 | D:7      | Learned a level 3 spell: Portal Projectile
 10733 | D:8      | Noticed Joseph
 10766 | D:8      | Found a bloodstained altar of Trog.
 10910 | D:8      | Reached skill level 12 in Bows
 10931 | D:8      | Reached skill level 1 in Hexes
 10931 | D:8      | Reached skill level 1 in Translocations
 10977 | D:8      | Noticed Gastronok
 10994 | D:8      | Killed Gastronok
 10994 | D:8      | Reached *** piety under Okawaru
 10994 | D:8      | Reached skill level 7 in Fighting
 10994 | D:8      | Reached skill level 2 in Spellcasting
 10994 | D:8      | Reached skill level 2 in Hexes
 10994 | D:8      | Reached skill level 2 in Translocations
 10994 | D:8      | Reached XP level 10. HP: 56/86 MP: 10/13
 11318 | D:8      | Killed Joseph
 11318 | D:8      | Reached skill level 13 in Bows
 11321 | D:8      | HP: 21/86 [poisoned by a worker ant]
 11322 | D:8      | Reached skill level 6 in Short Blades
 11326 | D:8      | HP: 20/86 [poisoned by a worker ant]
 11332 | D:8      | HP: 20/86 [poisoned by a worker ant]
 11340 | D:8      | HP: 20/86 [poisoned by a worker ant]
 11673 | D:8      | Noticed Erica
 12332 | D:8      | Killed Erica
 12332 | D:8      | Reached **** piety under Okawaru
 12332 | D:8      | Received a gift from Okawaru
 12332 | D:8      | Reached skill level 3 in Hexes
 12332 | D:8      | Reached skill level 3 in Translocations
 12338 | D:8      | HP: 13/86 [ogre/giant club (22)]
 12905 | D:8      | Noticed Maurice
 12918 | D:8      | Killed Maurice
 12918 | D:8      | Received a gift from Okawaru
 13142 | D:8      | Identified a +0 leather armour of cold resistance (You took
                  | it off Joseph on level 8 of the Dungeon)
 13222 | D:9      | Found a sparkling altar of Nemelex Xobeh.
 13261 | D:9      | Identified 13 scrolls of teleportation
 13397 | D:9      | Identified a +0 troll leather armour
 13397 | D:9      | Reached skill level 3 in Spellcasting
 13522 | D:9      | Received a gift from Okawaru
 13677 | D:9      | Noticed Prince Ribbit
 13722 | D:9      | Killed Prince Ribbit
 13837 | D:9      | Received a gift from Okawaru
 14857 | D:9      | Identified 6 scrolls of immolation
 14860 | D:9      | Killed an unseen horror
 14860 | D:9      | Reached skill level 14 in Bows
 14860 | D:9      | Reached XP level 11. HP: 83/94 MP: 15/15
 15359 | D:9      | Identified a ring of magical power (You found it on level 8
                  | of the Dungeon)
 15360 | D:9      | Identified an amulet of faith (You found it on level 9 of
                  | the Dungeon)
 15393 | D:10     | Entered Level 10 of the Dungeon
 15594 | D:10     | Reached skill level 4 in Hexes
 15624 | D:10     | Reached skill level 4 in Translocations
 16395 | D:10     | Reached skill level 8 in Fighting
 16451 | D:10     | Noticed a two-headed ogre
 16457 | D:10     | Killed a two-headed ogre
 16508 | D:10     | HP: 18/94 [electric eel/bolt of electricity (8)]
 16527 | D:10     | Reached ***** piety under Okawaru
 16528 | D:10     | HP: 21/94 [centaur/arrow (2)]
 16532 | D:10     | HP: 7/94 [centaur/arrow (5)]
 16575 | D:10     | HP: 12/94 [centaur/arrow (6)]
 16577 | D:10     | HP: 4/94 [centaur/arrow (5)]
 16582 | D:10     | HP: 7/94 [centaur/arrow (5)]
 16587 | D:10     | HP: 2/94 [centaur/arrow (10)]
 16592 | D:10     | Noticed Nergalle
 16998 | D:10     | Received a gift from Okawaru
 16998 | D:10     | Identified a +0 troll leather armour
 17246 | D:10     | Reached skill level 7 in Short Blades
 17934 | D:10     | Killed from afar by Nergalle

Table legend:
 A = Turns spent in this place as a percentage of turns spent in the entire game.
 B = Non-inter-level travel turns spent in this place as a percentage of non-inter-level travel turns spent in the entire game.
 C = Inter-level travel turns spent in this place as a percentage of turns spent in this place.
 D = Turns resting spent in this place as a percentage of non-inter-level travel turns spent in this place.
 E = Turns spent auto-exploring this place as a percentage of non-inter-level travel turns spent in this place.
 F = Non-inter-level travel turns spent in this place divided by the number of levels of this place that you've seen.
                   A       B       C       D       E      F
               +-------+-------+-------+-------+-------+----------------------
         Total | 100.0 | 100.0 |   4.5 |  26.9 |  53.7 | 1427.0
       Dungeon |  94.7 |  94.6 |   4.7 |  27.1 |  53.7 | 1619.1
        Temple |   2.9 |   2.9 |   3.6 |  43.9 |  44.7 | 503.0
       Ossuary |   2.4 |   2.5 |   0.0 |   0.0 |  66.0 | 430.0
               +-------+-------+-------+-------+-------+----------------------

Table legend:
 A = Kills in this place as a percentage of kills in entire the game.
 B = Kills by you in this place as a percentage of kills by you in the entire game.
 C = Kills by friends in this place as a percentage of kills by friends in the entire game.
 D = Other kills in this place as a percentage of other kills in the entire game.
 E = Experience gained in this place as a percentage of experience gained in the entire game.
 F = Experience gained in this place divided by the number of levels of this place that you have seen.
                   A       B       C       D       E      F
               +-------+-------+-------+-------+-------+----------------------
         Total | 100.0 | 100.0 |   N/A |   N/A | 100.0 | 1301.0
       Dungeon |  87.5 |  87.5 |   N/A |   N/A |  99.7 | 1556.3
       Ossuary |  12.5 |  12.5 |   N/A |   N/A |   0.3 |  49.0
               +-------+-------+-------+-------+-------+----------------------

Skill      XL: |  1  2  3  4  5  6  7  8  9 10 11 |
---------------+----------------------------------+-----
Short Blades   | 1 2 3 4 5 6 7 |  7.0
Bows           | 6 7 8 10 11 12 14 | 14.5
Fighting       | 3 4 5 7 8 |  8.2
Shields        | 1 2 |  2.1
Hexes          | 2 3 4 |  4.5
Translocations | 2 3 4 |  4.4
Spellcasting   | 2 3 |  3.7
Dodging        | |  1.3
Stealth        | |  0.4

Action                   |  1- 3 |  4- 6 |  7- 9 | 10-12 || total
-------------------------+-------+-------+-------+-------++-------
Melee: Short sword       |    84 |    54 |       |       ||   138
       Kick              |    17 |    13 |    89 |    40 ||   159
       Dagger            |       |    31 |   292 |   123 ||   446
       Shortbow          |       |       |       |     5 ||     5
       Punch             |       |       |       |     1 ||     1
 Fire: Shortbow          |    38 |    52 |   180 |   438 ||   708
Throw: Stone             |       |     7 |       |     1 ||     8
 Cast: Portal Projectile |       |       |       |     2 ||     2
Invok: Heroism           |       |       |       |     1 ||     1
Evoke: Wand              |       |       |       |     3 ||     3
  Use: Scroll            |       |     6 |     6 |     7 ||    19
       Potion            |       |       |       |     6 ||     6
  Eat: Chunk             |     2 |     6 |    14 |     7 ||    29
       Ration            |       |       |     1 |     3 ||     4
Armor: Leather armour    |    19 |       |       |       ||    19
       Ring mail         |    22 |    44 |    98 |    96 ||   260
Dodge: Dodged            |    46 |    45 |    74 |    81 ||   246

Vanquished Creatures
  Gastronok (D:8)
  Erica (D:8)
  A two-headed ogre (D:10)
  An unseen horror (D:9)
  Maurice (D:8)
  Joseph (D:8)
  3 trolls
  Prince Ribbit (D:9)
  A hippogriff (D:10)
  6 yaks (D:10)
  A wyvern (D:8)
  Menkaure (D:4)
  Edmund (D:6)
  3 water moccasins
  A black bear (D:6)
  2 sky beasts
  5 phantoms
  8 ogres
  A centaur (D:10)
  A big kobold (D:9)
  5 bullfrogs
  4 scorpions
  A wyvern skeleton (D:10)
  10 killer bees (D:9)
  4 wights (D:9)
  6 electric eels (D:10)
  A howler monkey (D:9)
  2 crimson imps
  A centaur zombie (D:9)
  7 hounds
  3 bullfrog skeletons
  3 orc priests
  2 centaur skeletons
  12 orc wizards
  3 iguanas
  3 worker ants
  A killer bee zombie (D:8)
  A hound zombie (D:10)
  A mummy (Ossuary)
  A worker ant zombie (D:5)
  4 gnolls (D:9)
  14 adders
  5 shadow imps
  4 oozes
  2 worms
  4 dart slugs
  6 leopard geckos
  27 orcs
  2 ball pythons (D:4)
  7 bats
  6 giant cockroaches
  8 gnoll zombies (Ossuary)
  8 goblins
  7 hobgoblins
  A jackal (D:4)
  11 kobolds
  5 quokkas
  6 frilled lizards
  2 gnoll skeletons (Ossuary)
  4 goblin skeletons (Ossuary)
  2 goblin zombies (Ossuary)
  3 hobgoblin skeletons (Ossuary)
  3 hobgoblin zombies (Ossuary)
  7 kobold skeletons (Ossuary)
  A kobold zombie (Ossuary)
  A leopard gecko zombie (D:8)
  3 orc skeletons (Ossuary)
  3 orc zombies (Ossuary)
  7 rats
  2 rat skeletons (Ossuary)
  3 rat zombies (Ossuary)
280 creatures vanquished.

Vanquished Creatures (others)
  3 mummies (Ossuary)
  2 goblin skeletons (Ossuary)
  2 hobgoblin zombies (Ossuary)
  A kobold skeleton (Ossuary)
  2 orc zombies (Ossuary)
  A rat skeleton (Ossuary)
  A rat zombie (Ossuary)
12 creatures vanquished.

Grand Total: 292 creatures vanquished
